[Event "Team 45 45 League T95"]
[Site "Internet Chess Club"]
[Date "2023.02.04"]
[Round "4"]
[White "VictorRed"]
[Black "fhunfi"]
[Result "0-1"]
[WhiteElo "1606"]
[BlackElo "1738"]
[Opening "English opening"]
[ECO "A20"]
[Time "19:08:59"]
[PlyCount "122"]
[TimeControl "2700+45"]

1. c4 e5 2. d3 Nf6 3. e4 Bc5 4. Bg5 d6 5. Be2 Nc6 6. Nf3 Nd4 7. Nxd4 Bxd4 8. Nc3
c6 9. O-O h6 10. Bh4 g5 11. Bg3 Be6 12. Kh1 Qd7 13. f3 Nh5 14. Bf2 Bxf2 15. Rxf2
c5 16. g3 Ng7 17. Nd5 Bxd5 18. cxd5 Ke7 19. Qd2 Ne8 20. f4 f6 21. fxe5 dxe5 22.
Raf1 Rf8 23. Bh5 Nd6 24. Qe2 Nb5 25. Bg6 h5 26. Bxh5 Nd4 27. Qg4 Qxg4 28. Bxg4
Rad8 29. Kg2 Rd6 30. Bf5 Ra6 31. b3 Nxf5 32. exf5 Rd8 33. h4 gxh4 34. gxh4 Rxd5
35. Rc1 b6 36. Rc3 Rd4 37. Kg3 Kf7 38. a4 Ra5 39. Rf3 Rd5 40. h5 b5 41. axb5
Rxb5 42. Kf2 Rd4 43. Rc4 Rxc4 44. dxc4 Rb8 45. h6 Kg8 46. Ke2 Kh7 47. Rh3 Rd8
48. Rg3 Rg8 49. Rd3 Kxh6 50. Rd7 Rg7 51. Rd6 Kg5 52. Rc6 Kxf5 53. Rxc5 Ke4 54.
Rb5 f5 55. c5 Rg2+ 56. Kf1 Rc2 57. b4 f4 58. Ra5 Rc4 59. Ra4 Kf3 60. Ke1 e4 61.
Kd2 Kf2 {White resigns} 0-1

[Event "Team 45 45 League T95"]
[Site "Internet Chess Club"]
[Date "2023.02.04"]
[Round "4"]
[White "fireball"]
[Black "isolani"]
[Result "1/2-1/2"]
[WhiteElo "1526"]
[BlackElo "1400"]
[Opening "King's Indian, 3.Nf3"]
[ECO "E61"]
[Time "16:02:03"]
[PlyCount "76"]
[TimeControl "2700+45"]

1. Nf3 Nf6 2. d4 g6 3. c4 Bg7 4. Nc3 O-O 5. e3 d6 6. Be2 Nbd7 7. b4 e5 8. Bb2
Re8 9. dxe5 dxe5 10. e4 c6 11. O-O Qe7 12. Qb3 Nh5 13. g3 Nf8 14. Kg2 Bg4 15. h3
Bxf3+ 16. Bxf3 Ne6 17. Bxh5 gxh5 18. c5 Rad8 19. Qc4 Rd4 20. Qb3 Rd3 21. Rad1
Red8 22. Rxd3 Rxd3 23. Rd1 Rxd1 24. Qxd1 h4 25. Qg4 hxg3 26. fxg3 Qg5 27. Qxg5
Nxg5 28. h4 Ne6 29. Nd1 f6 30. Ne3 Kf7 31. Nf5 Bf8 32. Kf3 b6 33. cxb6 axb6 34.
a3 c5 35. bxc5 Nxc5 36. Ke3 Na4 37. Bc1 Ke6 38. g4 b5 {Game drawn by mutual
agreement} 1/2-1/2

[Event "Team 45 45 League T95"]
[Site "Internet Chess Club"]
[Date "2023.02.06"]
[Round "4"]
[White "xingon"]
[Black "vollmerj"]
[Result "0-1"]
[WhiteElo "1314"]
[BlackElo "1532"]
[Opening "Sicilian: dragon, Yugoslav attack, Rauser variation"]
[ECO "B76"]
[Time "22:01:20"]
[PlyCount "72"]
[TimeControl "2700+45"]

1. e4 c5 2. Nf3 g6 3. d4 cxd4 4. Nxd4 Bg7 5. Be3 Nc6 6. Nc3 d6 7. Qd2 Nf6 8. f3
O-O 9. O-O-O Qa5 10. Kb1 a6 11. g4 Ne5 12. Nb3 Qd8 13. Be2 Be6 14. Nd4 Nc4 15.
Nxe6 Nxd2+ 16. Bxd2 fxe6 17. h4 h5 18. gxh5 Nxh5 19. Rdg1 Kh7 20. Rg4 e5 21.
Rhg1 Qe8 22. f4 Nxf4 23. Bxf4 Rxf4 24. Rg5 Rxh4 25. Nd5 Bh6 26. R5g2 g5 27. Nc7
Qd8 28. Nxa8 Qxa8 29. Rf1 Rf4 30. Rh1 Qf8 31. Rxg5 Qf6 32. Rgh5 Rf2 33. Bd3 Qf4
34. a3 b5 35. Rf5 Qe3 36. Rf7+ Rxf7 {White resigns} 0-1

[Event "Team 45 45 League T95"]
[Site "Internet Chess Club"]
[Date "2023.02.03"]
[Round "4"]
[White "smsxman"]
[Black "pandaknight"]
[Result "1-0"]
[WhiteElo "1373"]
[BlackElo "1205"]
[Opening "Sicilian defense"]
[ECO "B30"]
[Time "22:00:36"]
[PlyCount "63"]
[TimeControl "2700+45"]

1. e4 c5 2. Nf3 Nc6 3. Nc3 Nf6 4. Bb5 d6 5. Bxc6+ bxc6 6. O-O g6 7. Re1 Bg7 8.
d4 cxd4 9. Nxd4 Bb7 10. Bg5 O-O 11. Nf3 d5 12. e5 Nd7 13. e6 Nf6 14. exf7+ Rxf7
15. Qe2 Qd6 16. Rad1 Re8 17. Ne5 Rff8 18. Nc4 Qc7 19. Qe6+ Kh8 20. Ne5 Bc8 21.
Nf7+ Rxf7 22. Qxf7 Rf8 23. Qxe7 Qxe7 24. Rxe7 Bg4 25. f3 Bf5 26. Rxa7 Bxc2 27.
Rc1 Ne8 28. Rxc2 Bd4+ 29. Kf1 Bxa7 30. Na4 Rf5 31. Bd2 Rg5 32. Bxg5 {Black
resigns} 1-0

[Event "Team 45 45 League T95"]
[Site "Internet Chess Club"]
[Date "2023.02.03"]
[Round "4"]
[White "elmaestro"]
[Black "Lawkeito"]
[Result "0-1"]
[WhiteElo "1577"]
[BlackElo "1676"]
[Opening "English: symmetrical variation"]
[ECO "A36"]
[Time "13:19:35"]
[PlyCount "100"]
[TimeControl "2700+45"]

1. c4 c5 2. g3 Nc6 3. Bg2 g6 4. Nc3 e5 5. d3 Bg7 6. Nf3 Nge7 7. O-O O-O 8. Bd2
d5 9. cxd5 Nxd5 10. Qc1 Re8 11. Ne4 b6 12. Bh6 Bh8 13. Bg5 f6 14. Bh6 Be6 15. a3
Rc8 16. Bd2 Nd4 17. Qd1 Qd7 18. Re1 Nxf3+ 19. Bxf3 Ne7 20. Nc3 Nf5 21. Rb1 Nd4
22. Bg2 Red8 23. f4 exf4 24. Bxf4 f5 25. Bg5 Re8 26. e4 c4 27. exf5 Nxf5 28.
dxc4 Qxd1 29. Rbxd1 h6 30. Bxh6 Nxh6 31. Rxe6 Rxe6 32. Bd5 Rc6 33. Nb5 Kf8 34.
Nxa7 Rcd6 35. Nc8 Rd8 36. Nxb6 Rxb6 37. b4 Bb2 38. Rf1+ Ke7 39. Rf3 Ra6 40. Rb3
Bxa3 41. b5 Bc5+ 42. Kg2 Rf6 43. Rb2 Rdf8 44. Re2+ Kd6 45. Re4 Nf5 46. Kh3 Rh8+
47. Kg4 Ne3+ 48. Kg5 Nxd5 49. cxd5 Rhf8 50. Re2 Kxd5 {White resigns} 0-1

[Event "Team 45 45 League T95"]
[Site "Internet Chess Club"]
[Date "2023.02.04"]
[Round "4"]
[White "manfredo"]
[Black "burlap"]
[Result "1-0"]
[WhiteElo "1490"]
[BlackElo "1210"]
[Opening "French: advance, Paulsen attack"]
[ECO "C02"]
[Time "16:01:08"]
[PlyCount "51"]
[TimeControl "2700+45"]

1. e4 e6 2. d4 d5 3. e5 c5 4. c3 Nc6 5. Nf3 Qb6 6. a3 c4 7. Nbd2 Na5 8. Be2 Bd7
9. O-O Ne7 10. Rb1 Nec6 11. b3 cxb3 12. Nxb3 Nxb3 13. Qxb3 Qxb3 14. Rxb3 Na5 15.
Rb1 Be7 16. Bb5 Bxb5 17. Rxb5 b6 18. Nd2 O-O 19. Nb3 Nxb3 20. Rxb3 Rfc8 21. a4
Rab8 22. Ba3 Bxa3 23. Rxa3 b5 24. axb5 Rxb5 25. Rxa7 Rxc3 26. Ra8+ {Black
resigns} 1-0

[Event "Team 45 45 League T95"]
[Site "Internet Chess Club"]
[Date "2023.02.05"]
[Round "4"]
[White "jcule"]
[Black "fvafier"]
[Result "1-0"]
[WhiteElo "1359"]
[BlackElo "1489"]
[Opening "Torre attack (Tartakower variation)"]
[ECO "D03"]
[Time "12:02:55"]
[PlyCount "125"]
[TimeControl "2700+45"]

1. d4 d5 2. Nf3 Nf6 3. Bg5 Ne4 4. Bf4 e6 5. Nbd2 Bd6 6. Bxd6 Qxd6 7. e3 O-O 8.
Nxe4 dxe4 9. Nd2 f5 10. f3 e5 11. Bc4+ Be6 12. Bxe6+ Qxe6 13. O-O Nc6 14. fxe4
exd4 15. exd4 Nxd4 16. c3 Nc6 17. exf5 Qe3+ 18. Kh1 Kh8 19. Rf3 Qc5 20. Qf1 Rad8
21. Nc4 b5 22. b4 Qe7 23. Re1 Qf6 24. Ne3 Ne5 25. Rg3 a6 26. h3 Rd2 27. a3 Ra2
28. Nd5 Qd6 29. Qf4 Nc4 30. Qxd6 Nxd6 31. Nxc7 Nxf5 32. Rf3 Rxa3 33. g4 g5 34.
Rxf5 Rc8 35. Rc5 h6 36. Re8+ Rxe8 37. Nxe8 Ra2 38. Nc7 Kg7 39. Rc6 a5 40. bxa5
Rxa5 41. Rc5 Ra2 42. Rxb5 Re2 43. c4 Re3 44. Kg2 Re2+ 45. Kf3 Rc2 46. c5 Rc3+
47. Ke4 Rxh3 48. Ne6+ Kf7 49. Nxg5+ hxg5 50. Kf5 Rd3 51. Kxg5 Rd5+ 52. Kh4 Ke7
53. Rb7+ Kd8 54. c6 Kc8 55. g5 Rc5 56. Rb6 Kc7 57. Ra6 Kd6 58. Kh5 Re5 59. Kh6
Re7 60. c7+ Kxc7 61. Ra7+ Kd8 62. Rxe7 Kxe7 63. Kh7 {Black resigns} 1-0

[Event "Team 45 45 League T95"]
[Site "Internet Chess Club"]
[Date "2023.02.06"]
[Round "4"]
[White "Denis240964"]
[Black "Fulmar"]
[Result "1-0"]
[WhiteElo "1385"]
[BlackElo "1240"]
[Opening "French: Rubinstein variation"]
[ECO "C03"]
[Time "13:00:26"]
[PlyCount "73"]
[TimeControl "2700+45"]

1. e4 e6 2. d4 d5 3. Nd2 dxe4 4. Nxe4 Nd7 5. Nf3 Ngf6 6. Ng3 Be7 7. c3 O-O 8.
Bd3 b6 9. Qc2 Bb7 10. Ne4 Nxe4 11. Bxe4 Bxe4 12. Qxe4 Nf6 13. Qc2 h6 14. O-O Bd6
15. Re1 Rc8 16. Ne5 c5 17. Be3 Qc7 18. f4 Nd5 19. Qf2 c4 20. g3 f6 21. Nf3 Qf7
22. Bd2 f5 23. Qe2 Rfe8 24. Ne5 Qe7 25. Nxc4 Bc7 26. Ne5 Nf6 27. Be3 Bxe5 28.
dxe5 Ne4 29. Rad1 Qf7 30. Rd4 Red8 31. Red1 Qe8 32. Qd3 Rxd4 33. Qxd4 Qb5 34.
Bc1 Qe2 35. Be3 Rc4 36. Qd3 Kh7 37. Qxe2 {Black resigns} 1-0

[Event "Team 45 45 League T95"]
[Site "Internet Chess Club"]
[Date "2023.02.04"]
[Round "4"]
[White "Packerfan"]
[Black "ElValero"]
[Result "1-0"]
[WhiteElo "1739"]
[BlackElo "1671"]
[Opening "French: Winawer, advance variation"]
[ECO "C16"]
[Time "10:02:44"]
[PlyCount "26"]
[TimeControl "2700+45"]

1. e4 e6 2. d4 d5 3. Nc3 Bb4 4. e5 b6 5. f4 Qd7 6. Nf3 Ba6 7. Bxa6 Nxa6 8. Bd2
Nb8 9. O-O Nh6 10. a3 Be7 11. Ne2 Nf5 12. b4 c5 13. bxc5 Nxd4 {Black resigns}
1-0

[Event "Team 45 45 League T95"]
[Site "Internet Chess Club"]
[Date "2023.02.05"]
[Round "4"]
[White "QuieroAprender"]
[Black "RD1974"]
[Result "1-0"]
[WhiteElo "1618"]
[BlackElo "1584"]
[Opening "Queen's pawn: London system"]
[ECO "A45"]
[Time "18:38:32"]
[PlyCount "63"]
[TimeControl "2700+45"]

1. d4 Nf6 2. Bf4 c5 3. e3 Qb6 4. b3 Nc6 5. c3 d6 6. Nf3 Bf5 7. Bd3 Ne4 8. Nh4 e6
9. Nxf5 exf5 10. f3 Nf6 11. Bxf5 Nd5 12. Bg3 Nxe3 13. Qe2 cxd4 14. Bf2 Be7 15.
cxd4 Qxd4 16. Bxe3 Qxa1 17. O-O Qe5 18. Qd3 h6 19. Bd2 O-O 20. Bc3 Qc5+ 21. Kh1
Ne5 22. Qd1 Nc4 23. Qd3 Ne5 24. Qd1 Qe3 25. f4 Nc6 26. Rf3 Qb6 27. Rg3 f6 28.
Qg4 g5 29. Qh5 Rf7 30. Qxh6 Qf2 31. Rxg5+ fxg5 32. Qh8# {Black checkmated} 1-0

[Event "Team 45 45 League T95"]
[Site "Internet Chess Club"]
[Date "2023.02.07"]
[Round "4"]
[White "vollmerj"]
[Black "Gilguli"]
[Result "1-0"]
[WhiteElo "1544"]
[BlackElo "1427"]
[Opening "Queen's pawn game, Chigorin variation"]
[ECO "A04"]
[Time "16:52:55"]
[PlyCount "61"]
[TimeControl "2700+45"]

1. Nf3 Nc6 2. d4 d5 3. g3 g6 4. c3 Bg7 5. Bg2 e6 6. Nbd2 Nge7 7. e4 O-O 8. O-O
dxe4 9. Nxe4 e5 10. dxe5 Nxe5 11. Nxe5 Bxe5 12. Be3 f5 13. Nc5 Bg7 14. Qb3+ Kh8
15. Rfd1 Qe8 16. Ne6 Bxe6 17. Qxe6 Rf6 18. Qd7 c6 19. Qxe8+ Rxe8 20. Rd7 Nd5 21.
Bd4 Re7 22. Rxe7 Nxe7 23. Bxf6 Bxf6 24. Rd1 Nd5 25. Bxd5 cxd5 26. Rxd5 Kg7 27.
Rd7+ Kh6 28. Rxb7 Kg5 29. f4+ Kg4 30. Kg2 h5 31. h3# {Black checkmated} 1-0

[Event "Team 45 45 League T95"]
[Site "Internet Chess Club"]
[Date "2023.02.04"]
[Round "4"]
[White "bobhill"]
[Black "fileman"]
[Result "1/2-1/2"]
[WhiteElo "1815"]
[BlackElo "1775"]
[Opening "Queen's bishop game"]
[ECO "D02"]
[Time "09:06:50"]
[PlyCount "127"]
[TimeControl "2700+45"]

1. d4 d5 2. Nf3 Nf6 3. Bf4 g6 4. e3 Bg7 5. Bd3 O-O 6. Nbd2 c6 7. c4 e6 8. h3
Nbd7 9. O-O h6 10. Re1 Re8 11. Ne5 Nxe5 12. Bxe5 Nd7 13. Bxg7 Kxg7 14. f4 f6 15.
Qg4 Nf8 16. Qg3 e5 17. fxe5 fxe5 18. h4 e4 19. Be2 Qe7 20. Rf1 Bd7 21. Rf2 Nh7
22. Raf1 Rf8 23. h5 g5 24. Rxf8 Rxf8 25. Rxf8 Qxf8 26. cxd5 cxd5 27. Qe5+ Nf6
28. Nb3 Qe8 29. Nc5 b6 30. Nxd7 Qxd7 31. a4 Kf7 32. b3 Qe6 33. Qb8 a5 34. Qc7+
Kf8 35. Qd8+ Kf7 36. Qc7+ Kf8 37. Kf1 g4 38. Qd8+ Kf7 39. Qc7+ Kf8 40. Qf4 Kg7
41. Ke1 Nxh5 42. Qxg4+ Qxg4 43. Bxg4 Nf6 44. Be6 Kg6 45. Kd2 Kg5 46. g3 h5 47.
Kc3 h4 48. gxh4+ Kxh4 49. b4 Kg3 50. b5 Kf2 51. Kd2 Kf3 52. Bf7 Kf2 53. Be6 Kf1
54. Bh3+ Kf2 55. Be6 Kf3 56. Bf7 Ng4 57. Bh5 Kg3 58. Ke2 Nf6 59. Bf7 Kg2 60. Be6
Kg3 61. Bf7 Kg2 62. Be6 Kg3 63. Bf7 Kg2 64. Be6 {Game drawn by repetition}
1/2-1/2

[Event "Team 45 45 League T95"]
[Site "Internet Chess Club"]
[Date "2023.02.06"]
[Round "4"]
[White "MrAbendroth"]
[Black "Beetlejuice"]
[Result "1/2-1/2"]
[WhiteElo "1668"]
[BlackElo "1712"]
[Opening "Dutch with c4 & Nc3"]
[ECO "A85"]
[Time "14:00:47"]
[PlyCount "105"]
[TimeControl "2700+45"]

1. d4 f5 2. c4 Nf6 3. Nc3 g6 4. g3 Bg7 5. Bg2 d6 6. Nh3 O-O 7. O-O c6 8. Nf4 Na6
9. a3 Qe8 10. d5 cxd5 11. Ncxd5 Ng4 12. Ra2 Ne5 13. b3 e6 14. Nb4 Nc5 15. f3 Qe7
16. Nfd3 Rb8 17. Nxc5 dxc5 18. Nd3 Nc6 19. e3 Rd8 20. Qe2 b6 21. Nf4 Bb7 22. Rd1
Rxd1+ 23. Qxd1 Rd8 24. Rd2 Kf7 25. h4 Bf6 26. Qc2 Na5 27. Rxd8 Qxd8 28. b4 cxb4
29. axb4 Nc6 30. b5 Ne5 31. Kf2 Qc7 32. Bf1 Bxf3 33. Bb2 Be4 34. Qb3 Qc5 35. Be2
Ng4+ 36. Bxg4 Bxb2 37. Qxb2 fxg4 38. Qh8 Qxc4 39. Qxh7+ Kf6 40. Qh8+ Kf7 41.
Qh7+ Kf6 42. Qh8+ Ke7 43. Qg7+ Ke8 44. Qg8+ Kd7 45. Qf7+ Kc8 46. Qf8+ Kb7 47.
Qe7+ Qc7 48. Qxe6 Qc2+ 49. Ne2 Bf3 50. Qd7+ Kb8 51. Qd8+ Kb7 52. Qd7+ Kb8 53.
Qd8+ {Game drawn by mutual agreement} 1/2-1/2

[Event "Team 45 45 League T95"]
[Site "Internet Chess Club"]
[Date "2023.02.07"]
[Round "4"]
[White "discipulo"]
[Black "LoseOften"]
[Result "1/2-1/2"]
[WhiteElo "1705"]
[BlackElo "1544"]
[Opening "English opening"]
[ECO "A20"]
[Time "13:00:34"]
[PlyCount "74"]
[TimeControl "2700+45"]

1. c4 e5 2. g3 Nf6 3. Bg2 d5 4. cxd5 Nxd5 5. Nc3 Be6 6. Nf3 Nc6 7. Qa4 f6 8. O-O
Qd7 9. d3 O-O-O 10. a3 Kb8 11. Nxd5 Bxd5 12. Qc2 g5 13. b4 h5 14. b5 Nd4 15.
Nxd4 Bxg2 16. Kxg2 exd4 17. h3 Qd5+ 18. Kg1 Bd6 19. a4 Qf5 20. Kg2 Qe5 21. Ba3
h4 22. Bxd6 Qxd6 23. g4 f5 24. Rac1 fxg4 25. hxg4 h3+ 26. Kh1 Qf4 27. f3 Rde8
28. a5 Re6 29. Rf2 Rhe8 30. Rh2 Rxe2 31. Rxe2 Qxf3+ 32. Kg1 Qxg4+ 33. Kh1 Qf3+
34. Kg1 Qg3+ 35. Kh1 Qf3+ 36. Kg1 Qg3+ 37. Kh1 Qf3+ {Game drawn by repetition}
1/2-1/2

[Event "Team 45 45 League T95"]
[Site "Internet Chess Club"]
[Date "2023.02.06"]
[Round "4"]
[White "Egmont"]
[Black "ivanson"]
[Result "1-0"]
[WhiteElo "1603"]
[BlackElo "1559"]
[Opening "King's Indian: Sämisch, 5...O-O"]
[ECO "E81"]
[Time "12:30:40"]
[PlyCount "95"]
[TimeControl "2700+45"]

1. d4 Nf6 2. c4 g6 3. Nc3 Bg7 4. e4 d6 5. f3 O-O 6. Be3 c5 7. dxc5 dxc5 8. Qxd8
Rxd8 9. Bxc5 Nc6 10. Rd1 Be6 11. Nd5 Nd7 12. Nxe7+ Nxe7 13. Bxe7 Rdc8 14. b3
Bc3+ 15. Kf2 a5 16. Ne2 Bg7 17. a4 Re8 18. Bd6 f5 19. Nf4 fxe4 20. fxe4 Bg4 21.
Re1 Bc3 22. Rc1 Bd4+ 23. Kg3 Bf5 24. exf5 Re3+ 25. Kg4 Nf6+ 26. Kh4 g5+ 27. Kxg5
Ne4+ 28. Kh5 Nxd6 29. g4 Ne4 30. Bg2 Nf6+ 31. Kh4 Rxb3 32. Nd5 Bf2+ 33. Kg5 Nxd5
34. Bxd5+ Kg7 35. f6+ Kf8 36. Kf5 Rd8 37. Rb1 Rxb1 38. Rxb1 b6 39. Rb2 Bd4 40.
Re2 Re8 41. Rxe8+ Kxe8 42. g5 Bf2 43. Kg4 Be3 44. Kh5 Bf4 45. Be4 Bxh2 46. Bxh7
Be5 47. Kg6 Bd4 48. Kf5 {Black resigns} 1-0

[Event "Team 45 45 League T95"]
[Site "Internet Chess Club"]
[Date "2023.02.03"]
[Round "4"]
[White "trogers41"]
[Black "Megasus"]
[Result "1-0"]
[WhiteElo "1359"]
[BlackElo "1437"]
[Opening "Sicilian: Katalimov variation"]
[ECO "B27"]
[Time "13:00:43"]
[PlyCount "109"]
[TimeControl "2700+45"]

1. e4 c5 2. Nf3 b6 3. d4 cxd4 4. Nxd4 Bb7 5. Nc3 a6 6. Bd3 e6 7. O-O Qc7 8. a3
Nf6 9. Be3 h5 10. f3 Bd6 11. f4 Ng4 12. Qf3 Nc6 13. Nxc6 Bxc6 14. Kh1 b5 15. h3
Bb7 16. Qg3 Nxe3 17. Qxe3 O-O-O 18. Rad1 Bc5 19. Qd2 Qb6 20. e5 d5 21. Ne2 Kb8
22. c3 Be3 23. Qe1 f6 24. Bb1 fxe5 25. fxe5 g5 26. Nd4 Bxd4 27. cxd4 Rdf8 28.
Qe3 Qd8 29. Bd3 g4 30. Rxf8 Rxf8 31. hxg4 hxg4 32. Kg1 Qh4 33. Rf1 Rh8 34. Qf4
g3 35. Qxh4 Rxh4 36. Rf3 Rg4 37. b4 Bc6 38. Kf1 Rxd4 39. Rxg3 Rf4+ 40. Rf3 Rxf3+
41. gxf3 d4 42. f4 Bd5 43. Kf2 Kc7 44. Kg3 Bc4 45. Be4 d3 46. Kf2 d2 47. Bc2 Kb6
48. Ke3 a5 49. Kxd2 axb4 50. axb4 Kc6 51. Ke3 Kd7 52. Bd3 Kc6 53. Bxc4 bxc4 54.
Kd4 Kb5 55. Kc3 {Black resigns} 1-0

[Event "Team 45 45 League T95"]
[Site "Internet Chess Club"]
[Date "2023.02.05"]
[Round "4"]
[White "ChessG2011"]
[Black "Fulmar"]
[Result "1/2-1/2"]
[WhiteElo "1391"]
[BlackElo "1250"]
[Opening "French: advance, Paulsen attack"]
[ECO "C02"]
[Time "12:30:35"]
[PlyCount "63"]
[TimeControl "2700+45"]

1. e4 e6 2. d4 d5 3. e5 c5 4. c3 Nc6 5. Nf3 Qb6 6. Be2 cxd4 7. cxd4 Nge7 8. Na3
a6 9. Nc2 Bd7 10. O-O Rc8 11. b3 Na7 12. Bb2 Nec6 13. Qd2 Be7 14. Rfd1 Nb4 15.
Rdc1 O-O 16. Bc3 Nxc2 17. Rxc2 Nc6 18. Bd3 Nb4 19. Rcc1 Nxd3 20. Qxd3 Bb5 21.
Qd2 Bd7 22. Bb2 Rxc1+ 23. Rxc1 Rc8 24. Rxc8+ Bxc8 25. Qc2 Qc6 26. Qc3 Qxc3 27.
Bxc3 b5 28. Ba5 f6 29. b4 fxe5 30. Nxe5 g5 31. g3 Kg7 32. a3 {Game drawn by
mutual agreement} 1/2-1/2

[Event "Team 45 45 League T95"]
[Site "Internet Chess Club"]
[Date "2023.02.03"]
[Round "4"]
[White "Reykjaviking"]
[Black "Pawnchain"]
[Result "0-1"]
[WhiteElo "1291"]
[BlackElo "1573"]
[Opening "English opening"]
[ECO "A13"]
[Time "13:00:41"]
[PlyCount "74"]
[TimeControl "2700+45"]

1. c4 e6 2. Nc3 f5 3. d3 Nf6 4. Bf4 Bb4 5. Qc2 O-O 6. Nf3 d6 7. a3 Bxc3+ 8. Qxc3
b6 9. h4 Bb7 10. Ng5 Qe8 11. f3 e5 12. Bd2 Nbd7 13. e4 fxe4 14. dxe4 c5 15.
O-O-O a6 16. Bd3 h6 17. g4 Bc6 18. Rdg1 b5 19. Qc2 bxc4 20. Bxc4+ Kh8 21. Ne6
Nb6 22. Nxf8 Qxf8 23. g5 Nxc4 24. Qxc4 Nh5 25. gxh6 gxh6 26. Qe6 Nf4 27. Qc4 Bb5
28. Qc3 Ne2+ 29. Kc2 Nxc3 30. Kxc3 Qf7 31. Kc2 Qxf3 32. Kc1 Rg8 33. Rxg8+ Kxg8
34. Rg1+ Kh7 35. Re1 Ba4 36. Kb1 Qd3+ 37. Kc1 Qc2# {White checkmated} 0-1

[Event "Team 45 45 League T95"]
[Site "Internet Chess Club"]
[Date "2023.02.03"]
[Round "4"]
[White "Toalla"]
[Black "woofgang"]
[Result "0-1"]
[WhiteElo "1144"]
[BlackElo "1164"]
[Opening "French: Schlechter variation"]
[ECO "C01"]
[Time "12:05:42"]
[PlyCount "64"]
[TimeControl "2700+45"]

1. e4 e6 2. d4 d5 3. Bd3 c5 4. c3 Nc6 5. Nf3 dxe4 6. Bxe4 Bd7 7. O-O Nf6 8. Bg5
Be7 9. Nbd2 Qc7 10. Qc2 Nxe4 11. Bxe7 Nxe7 12. Nxe4 cxd4 13. Nxd4 e5 14. Nf3 Bf5
15. Qe2 Rd8 16. Rad1 O-O 17. Rfe1 Qc6 18. Nxe5 Qxe4 19. Kf1 Qxe2+ 20. Kxe2 Ng6
21. Nf3 Nf4+ 22. Kf1 Bd3+ 23. Kg1 Ne2+ 24. Kh1 Rfe8 25. Ng1 Nf4 26. Nf3 Rxe1+
27. Rxe1 Ne2 28. Nd4 Re8 29. Nf3 f6 30. b4 b5 31. a3 a6 32. Nd4 Ng3+ {White
resigns} 0-1

[Event "Team 45 45 League T95"]
[Site "Internet Chess Club"]
[Date "2023.02.06"]
[Round "4"]
[White "sdcohle"]
[Black "BlueStorm"]
[Result "1/2-1/2"]
[WhiteElo "1346"]
[BlackElo "1479"]
[Opening "Caro-Kann defense"]
[ECO "B10"]
[Time "17:31:23"]
[PlyCount "69"]
[TimeControl "2700+45"]

1. e4 c6 2. Nf3 d5 3. exd5 cxd5 4. Ne5 Qd6 5. Bb5+ Nc6 6. d4 a6 7. Bxc6+ bxc6 8.
Qf3 Nf6 9. c3 Qe6 10. O-O Ng4 11. Nxg4 Qxg4 12. Qxg4 Bxg4 13. Be3 e6 14. Nd2 Bd6
15. f4 h6 16. Nf3 Bxf3 17. Rxf3 Rb8 18. b3 O-O 19. f5 exf5 20. Rxf5 Rbe8 21. Bf4
Bxf4 22. Rxf4 Re2 23. Rf2 Rfe8 24. Kf1 R2e4 25. g3 g6 26. Kg2 Re2 27. Rf1 f5 28.
Rxe2 Rxe2+ 29. Rf2 Re3 30. Rf3 Re2+ 31. Rf2 Re3 32. Rf3 Re2+ 33. Rf2 Re3 34. Rf3
Re2+ 35. Rf2 {Game drawn by repetition} 1/2-1/2

[Event "Team 45 45 League T95"]
[Site "Internet Chess Club"]
[Date "2023.02.06"]
[Round "4"]
[White "BrerRabbit"]
[Black "Tjet"]
[Result "1-0"]
[WhiteElo "1324"]
[BlackElo "1221"]
[Opening "Queen's Pawn"]
[ECO "A41"]
[Time "19:02:43"]
[PlyCount "143"]
[TimeControl "2700+45"]

1. d4 d6 2. g3 Nf6 3. Nf3 c6 4. Bg2 g6 5. O-O Bg7 6. b3 O-O 7. Bb2 Re8 8. Re1
Nbd7 9. e4 Qc7 10. e5 dxe5 11. dxe5 Nd5 12. c4 N5b6 13. Qe2 e6 14. Nc3 Nf8 15.
Ne4 Nbd7 16. Nd6 Rd8 17. Rad1 Nb6 18. Rd3 Bd7 19. Red1 Be8 20. h4 a5 21. a4 Nbd7
22. Nh2 Nc5 23. Nxe8 Rxe8 24. Rd6 Na6 25. Ng4 Red8 26. Qe3 Rxd6 27. Rxd6 Rd8 28.
c5 Rxd6 29. cxd6 Qd7 30. Qd2 Qd8 31. Nh6+ Bxh6 32. Qxh6 Nd7 33. Be4 Nac5 34. Bc2
b6 35. h5 Qf8 36. Qxf8+ Nxf8 37. hxg6 hxg6 38. f4 Nfd7 39. Kf2 Kg7 40. Kf3 Na6
41. Bc3 Nab8 42. Bd4 c5 43. Bc3 Nc6 44. Bd3 Na7 45. Bc4 Kf8 46. g4 Ke8 47. Ke4
Kd8 48. f5 Ke8 49. fxe6 fxe6 50. Bxe6 Nf8 51. Bd5 Kd7 52. Bc4 Ne6 53. Bd3 Nd8
54. Kd5 g5 55. Bf5+ Ke8 56. e6 Ndc6 57. Bg6+ Kf8 58. e7+ Nxe7+ 59. dxe7+ Kxe7
60. Ke5 b5 61. axb5 Nxb5 62. Bxa5 Nd4 63. Be4 Nxb3 64. Bb6 c4 65. Kf5 c3 66. Bc2
Na1 67. Ba4 c2 68. Be3 Kf7 69. Kxg5 Kg8 70. Kg6 c1=Q 71. Bxc1 Nc2 72. Bxc2
{Black resigns} 1-0

[Event "Team 45 45 League T95"]
[Site "Internet Chess Club"]
[Date "2023.02.06"]
[Round "4"]
[White "seattleblues"]
[Black "smsxman"]
[Result "1-0"]
[WhiteElo "1263"]
[BlackElo "1318"]
[Opening "Queen's pawn game, Darooha variation "]
[ECO "D02"]
[Time "21:00:33"]
[PlyCount "101"]
[TimeControl "2700+45"]

1. d4 d5 2. Nf3 Nf6 3. c4 Bg4 4. Nc3 Bxf3 5. exf3 e6 6. Bf4 Bb4 7. Rc1 O-O 8.
Bd3 Re8 9. O-O Nc6 10. a3 Bd6 11. Bg5 Be7 12. Qc2 g6 13. c5 Nxd4 14. Qa4 Bxc5
15. Nxd5 Qxd5 16. Bxf6 Bb6 17. Be4 Qb5 18. Qxb5 Nxb5 19. Bxb7 Rab8 20. Bc6 Bd4
21. Bxb5 Bxf6 22. Bxe8 Rxe8 23. Rxc7 Bd4 24. Rb7 Rc8 25. b4 Rc2 26. h3 Ra2 27.
Rd7 Bb6 28. Rd3 Kg7 29. f4 Kf6 30. g4 Bc7 31. Rf3 Kg7 32. Re1 Bb6 33. Kf1 Bd4
34. Re2 Ra1+ 35. Kg2 Rb1 36. Ra2 Re1 37. Rb3 Re4 38. Kf3 Re1 39. a4 Rh1 40. Ke4
Bb6 41. a5 Re1+ 42. Kf3 Bd4 43. b5 f5 44. g5 Rh1 45. Kg2 Re1 46. b6 Bxb6 47.
axb6 axb6 48. Rxb6 Re4 49. Kf3 e5 50. Rb7+ Kf8 51. Ra8# {Black checkmated} 1-0

[Event "Team 45 45 League T95"]
[Site "Internet Chess Club"]
[Date "2023.02.03"]
[Round "4"]
[White "stantheman59"]
[Black "PsyMar"]
[Result "0-1"]
[WhiteElo "1176"]
[BlackElo "1246"]
[Opening "Four knights: Italian variation"]
[ECO "C47"]
[Time "15:02:59"]
[PlyCount "46"]
[TimeControl "2700+45"]

1. e4 e5 2. Nf3 Nc6 3. Nc3 Nf6 4. Bc4 Nxe4 5. Nxe4 d5 6. Bb5 dxe4 7. Nxe5 Qd5 8.
Bxc6+ bxc6 9. Ng4 Be7 10. Ne3 Qd8 11. b3 Ba6 12. Bb2 O-O 13. c4 c5 14. O-O Bb7
15. Qg4 Bf6 16. Bxf6 Qxf6 17. Qg3 Rac8 18. Rad1 g6 19. Nd5 Bxd5 20. cxd5 Rfd8
21. Qg4 Qd4 22. Rfe1 f5 23. d3 fxg4 {White resigns} 0-1

[Event "Team 45 45 League T95"]
[Site "Internet Chess Club"]
[Date "2023.02.05"]
[Round "4"]
[White "scostanzo212"]
[Black "Gojira"]
[Result "1/2-1/2"]
[WhiteElo "1537"]
[BlackElo "1587"]
[Opening "QGD Slav: 4.Nc3"]
[ECO "D15"]
[Time "09:35:45"]
[PlyCount "71"]
[TimeControl "2700+45"]

1. d4 d5 2. c4 c6 3. Nf3 Nf6 4. Nc3 a6 5. e3 Bf5 6. cxd5 cxd5 7. Ne5 e6 8. Bd3
Bxd3 9. Nxd3 Bd6 10. O-O Nc6 11. a3 Rc8 12. h3 O-O 13. b4 Nxd4 14. Bb2 Nc6 15.
Ne2 Nd7 16. Nef4 Nde5 17. Qh5 Nxd3 18. Nxd3 f6 19. f4 Qe8 20. Qg4 Qf7 21. Rac1
Ne7 22. Qf3 Qg6 23. Nf2 Nf5 24. g4 Ne7 25. e4 Bb8 26. Rfe1 Rxc1 27. Rxc1 dxe4
28. Nxe4 Rc8 29. Rxc8+ Nxc8 30. Qc3 Qxe4 31. Qxc8+ Kf7 32. Qd7+ Kf8 33. Qd8+ Kf7
34. Qd7+ Kf8 35. Qd8+ Kf7 36. Qd7+ {Game drawn by repetition} 1/2-1/2